 Seeded DCSS version 0.28.0-62-gf88900778d (webtiles) character file.

Game seed: 11602572740697658130 (custom seed)

16 cbfl8 the Skirmisher (level 2, 0/24 HPs)
             Began as a Demonspawn Fighter on July 1, 2023.
             Succumbed to an adder's poison
             ... on level 2 of the Dungeon.
             The game lasted 00:00:27 (356 turns).

cbfl8 the Skirmisher (Demonspawn Fighter)            Turns: 356, Time: 00:00:27

Health: 0/24       AC:  6    Str: 16    XL:     2   Next: 37%
Magic:  2/2        EV:  9    Int:  9    God:
Gold:   45         SH:  4    Dex: 12    Spells: 1/1 levels left

rFire   . . .      SeeInvis .   a - +0 war axe
rCold   . . .      Faith    .   c - +0 buckler
rNeg    . . .      Spirit   .   b - +0 scale mail
rPois   .          Reflect  .   (helmet restricted)
rElec   .          Harm     .   (no cloak)
rCorr   .          Rampage  .   (no gloves)
Will    .....                   (no boots)
Stlth   ..........              (no amulet)
HPRegen 0.08/turn               (no ring)
MPRegen 0.08/turn               (no ring)

@: mighty, lethally poisoned (0 -> -3)
A: antennae 1
a: no special abilities


You were on level 2 of the Dungeon.
You visited 1 branch of the dungeon, and saw 2 of its levels.

You collected 45 gold pieces.

Inventory:

Hand Weapons
 a - a +0 war axe (weapon)
Armour
 b - a +0 scale mail (worn)
 c - a +0 buckler (worn)
Scrolls
 e - a scroll of vulnerability {unknown}


   Skills:
 + Level 3.1 Fighting
 * Level 1.9 Axes
 + Level 2.8 Armour
 * Level 0.3 Dodging
 * Level 0.5 Stealth
 + Level 2.8 Shields
 * Level 0.6 Invocations
 * Level 0.3 Evocations


You had one spell level left.
You didn't know any spells.
Your spell library contained the following spells:

 Spells                   Type           Power      Damage    Failure   Level
 Tukima's Dance           Hex            0%         N/A       99%         3
 Passage of Golubria      Tloc           0%         N/A       100%        4
 Yara's Violent Unravell  Hex/Tmut       0%         3d3       100%        5


Dungeon Overview and Level Annotations

Branches:
Dungeon (2/15)

Altars:


Innate Abilities, Weirdness & Mutations

You have a pair of small antennae on your head.


Message History

The bat hits you but does no damage. The bat barely misses you.
The bat closely misses you.
You barely miss the bat. The bat closely misses you.
The bat hits you but does no damage. The bat hits you.
You miss the bat. The bat misses you. The bat hits you but does no damage.
The bat hits you. You block the bat's attack. The adder bites you.
You closely miss the adder. The bat hits you but does no damage.
You block the adder's attack. The bat hits you but does no damage.
The adder bites you. The bat closely misses you.
You miss the adder. You barely miss the bat.
The bat hits you but does no damage. The adder bites you but does no damage.
The bat closely misses you. The adder bites you.
You are poisoned.
The adder poisons you! The bat barely misses you.
The adder bites you but does no damage.
You feel sick. The bat closely misses you.
You completely miss the adder.
You feel sick. The adder closely misses you. The adder barely misses you.
You feel very mighty all of a sudden.
You feel sick. The adder bites you but does no damage.
You barely miss the adder.
You feel sick. The adder barely misses you.
The adder bites you but does no damage.
You barely miss the adder.
You feel sick.
You are no longer poisoned.
The adder bites you.
* * * LOW HITPOINT WARNING * * *
You are lethally poisoned!
The adder poisons you! The adder closely misses you.
You slash the adder!
The adder is almost dead.
* * * LOW HITPOINT WARNING * * *
You feel sick. You block the adder's attack. The adder closely misses you.
You closely miss the adder.
The adder is almost dead.
* * * LOW HITPOINT WARNING * * *
You feel sick. You block the adder's attack.
You slash the adder!
You kill the adder!
You die...

#### #... #
#..# ...
#..#####...#
#..b†@.....#
#...#####..#
#.....
#......#
.......#.#
#.......# ..
###.....# .
#.#.#..


You could see a bat.

Vanquished Creatures
  An adder (D:2)
  A bat (D:1)
  2 endoplasms (D:1)
  A goblin (D:1)
  A hobgoblin (D:1)
  4 jackals (D:1)
  2 kobolds (D:1)
  A rat (D:1)
13 creatures vanquished.

Notes
Turn   | Place    | Note
-------+----------+-------------------------------------------
     0 | D:1      | cbfl8 the Demonspawn Fighter began the quest for the Orb.
     0 | D:1      | Reached XP level 1. HP: 18/18 MP: 1/1
   111 | D:1      | Gained mutation: You have a pair of small antennae on your
                  | head. [demonic ancestry]
   111 | D:1      | Reached XP level 2. HP: 22/24 MP: 2/2
   355 | D:2      | HP: 1/24 [poisoned by an adder]
   356 | D:2      | Succumbed to an adder's poison

Illustrated notes

Levels and vault maps discovered:
D:1:      nicolae_arrival_memento_mori, layout_rooms, basic_ecumenical_altar
D:2:      layout_loops_ring, basic_altar

Action                   || total
-------------------------++-------
Melee: War axe           ||    36
  Use: Potion            ||     1
Armor: Scale mail        ||    31
Dodge: Dodged            ||    25
Block: Buckler           ||    13
